[Event "ICC tourney 1878 (15 10)"]
[Site "Internet Chess Club"]
[Date "2020.06.14"]
[Round "3"]
[White "pranav2007"]
[Black "Gabuzyan"]
[Result "0-1"]
[ICCResult "White checkmated"]
[WhiteElo "1645"]
[BlackElo "1596"]
[Opening "Sicilian: Najdorf, Opocensky variation"]
[ECO "B92"]
[NIC "SI.11"]
[Time "15:13:46"]
[TimeControl "900+10"]

1. e4 c5 2. Nf3 d6 3. d4 cxd4 4. Nxd4 Nf6 5. Nc3 a6 6. Be2 e5 7. Nb3 Be7 8.
Be3 Be6 9. O-O O-O 10. f3 Nbd7 11. a4 Rc8 12. a5 Qc7 13. Qd2 Rfd8 14. Rfd1
Qb8 15. Nd5 Nxd5 16. exd5 Bf5 17. c4 Re8 18. Rac1 Bg6 19. Na1 Bd8 20. b4 b6
21. axb6 Bxb6 22. c5 dxc5 23. Bxa6 Rc7 24. d6 Ra7 25. Bb5 cxb4 26. Bxb6
Qxb6+ 27. Qf2 Qb8 28. Nb3 Rd8 29. Bxd7 Raxd7 30. Qc5 f6 31. Rc4 Rxd6 32.
Rxd6 Qxd6 33. Qxd6 Rxd6 34. Rxb4 h5 35. Kf2 Bf5 36. Rb8+ Kh7 37. h4 Rd3 38.
Ke2 Rc3 39. Kf2 Rc2+ 40. Kg3 Bd3 41. Rd8 Bc4 42. Nd2 Bb5 43. Ne4 Bc6 44. Rd6
Kg6 45. Nf2 Kf7 46. Rd8 Ra2 47. Rc8 Bd7 48. Rc7 Ke7 49. Ne4 Kd8 50. Rb7 Rc2
51. Rb8+ Ke7 52. Rb7 Rc6 53. Ra7 Ke6 54. Ra1 Rc7 55. Ra6+ Ke7 56. Rb6 Bc6
57. Ra6 f5 58. Nf2 Bb5 59. Rg6 Kf7 60. Rb6 Bc6 61. Nd3 Ke6 62. Ra6 Kd6 63.
Nb4 g6 64. Nd3 f4+ 65. Kh2 Rc8 66. Ra1 Bb5 67. Nf2 Rc2 68. Ne4+ Ke6 69. Rd1
Bc6 70. Rd6+ Ke7 71. Rxg6 Bxe4 72. fxe4 f3 73. Rg7+ Kf6 74. Rg5 Rxg2+ 75.
Rxg2 fxg2 76. Kxg2 Ke6 77. Kf2 Kd6 78. Ke2 Kc5 79. Kd3 Kb4 80. Kc2 Kc4 81.
Kd2 Kd4 82. Ke2 Kxe4 83. Kf2 Kf4 84. Ke2 Kg4 85. Ke3 Kxh4 86. Ke4 Kg3 87.
Kxe5 h4 88. Kd4 h3 89. Ke4 h2 90. Ke3 h1=Q 91. Kd4 Kf4 92. Kd3 Qe4+ 93. Kc3
Ke3 94. Kb2 Kd3 95. Ka2 Qb7 96. Ka3 Kc3 97. Ka2 Qb2# {White checkmated} 0-1

[Event "ICC tourney 1878 (15 10)"]
[Site "Internet Chess Club"]
[Date "2020.06.14"]
[Round "3"]
[White "firefly64"]
[Black "firewoods"]
[Result "0-1"]
[ICCResult "White checkmated"]
[WhiteElo "1882"]
[BlackElo "1532"]
[Opening "R?ti: Lisitsin gambit deferred"]
[ECO "A04"]
[NIC "QP.11"]
[Time "15:13:55"]
[TimeControl "900+10"]

1. Nf3 f5 2. d3 Nf6 3. e4 fxe4 4. dxe4 Nxe4 5. Bd3 Nf6 6. Ng5 g6 7. Nxh7
Rxh7 8. Bxg6+ Rf7 9. g4 e6 10. Qf3 Qe7 11. Bg5 Bg7 12. Nc3 Nc6 13. O-O-O Ne5
14. Bxf7+ Qxf7 15. Qe2 Nexg4 16. Rdg1 Nh6 17. h4 b6 18. Ne4 Nd5 19. Qd2 Nf5
20. h5 Bb7 21. h6 Bh8 22. Rh3 Nde7 23. f3 O-O-O 24. h7 Nd4 25. Bxe7 Qxe7 26.
Rg8 Nxf3 27. Qf4 Qb4 28. Rxd8+ Kxd8 29. c3 Qe7 30. Rxf3 Bg7 31. Ng5 Bxf3 32.
h8=Q+ Bxh8 33. Nf7+ Ke8 34. Nxh8 Qf8 35. Qxc7 Qg7 36. Qb8+ Ke7 37. Qf4 Qg1+
38. Kc2 Qd1# {White checkmated} 0-1

[Event "ICC tourney 1878 (15 10)"]
[Site "Internet Chess Club"]
[Date "2020.06.14"]
[Round "3"]
[White "Feugon"]
[Black "davika21"]
[Result "0-1"]
[ICCResult "White checkmated"]
[WhiteElo "1230"]
[BlackElo "1498"]
[Opening "Bird's opening: Lasker variation"]
[ECO "A03"]
[NIC "VO.07"]
[Time "15:13:52"]
[TimeControl "900+10"]

1. f4 d5 2. Nf3 Nf6 3. e3 c5 4. b3 e6 5. Bb2 Be7 6. Be2 Nc6 7. O-O O-O 8.
Ne5 Bd7 9. c4 d4 10. exd4 Nxd4 11. Bxd4 cxd4 12. d3 Bc6 13. Nd2 Qc7 14. Bf3
Bd6 15. Nxc6 bxc6 16. g3 Rab8 17. Ne4 Nxe4 18. Bxe4 f5 19. Bg2 e5 20. fxe5
Bxe5 21. Qf3 c5 22. Rae1 Rbe8 23. Re2 Re7 24. Rfe1 Bd6 25. Qd5+ Kh8 26. Rxe7
Bxe7 27. Rf1 g6 28. Re1 Bf6 29. Re6 Kg7 30. Qc6 Qa5 31. Qa6 Qc3 32. Qxa7+
Rf7 33. Qxc5 Qxd3 34. Bd5 Qd1+ 35. Kg2 Qd2+ 36. Kh3 Qh6+ 37. Kg2 Qd2+ 38.
Kg1 Qd1+ 39. Kf2 Qd2+ 40. Re2 Qc3 41. Bxf7 d3 42. Qc8 dxe2 43. Qg8+ Kh6 44.
Kxe2 Qc2+ 45. Ke3 Qe4+ 46. Kd2 Qd4+ 47. Ke2 Qb2+ 48. Kf3 Qc3+ 49. Kg2 Qd2+
50. Kh3 Qe2 51. Be6 Qf1# {White checkmated} 0-1

[Event "ICC tourney 1878 (15 10)"]
[Site "Internet Chess Club"]
[Date "2020.06.14"]
[Round "3"]
[White "DanLapan"]
[Black "runtilmorrow1"]
[Result "0-1"]
[ICCResult "White resigns"]
[WhiteElo "1178"]
[BlackElo "1401"]
[Opening "Sicilian: Smith-Morra gambit"]
[ECO "B21"]
[NIC "SI.48"]
[Time "15:13:48"]
[TimeControl "900+10"]

1. e4 c5 2. d4 cxd4 3. Qxd4 Nc6 4. Qd3 g6 5. c4 Bg7 6. Nc3 Nf6 7. f3 O-O 8.
Be3 e6 9. Rd1 Re8 10. Kf2 a6 11. Qb1 Qa5 12. Nge2 b5 13. Nd4 Ne5 14. cxb5 d5
15. h3 dxe4 16. fxe4 Bb7 17. bxa6 Bxa6 18. Nb3 Qc7 19. Nb5 Bxb5 20. Bxb5
Reb8 21. Be2 Rb4 22. Rd4 Raa4 23. Rhd1 h5 24. Rxb4 Rxb4 25. Rd4 Rxd4 26.
Bxd4 Nc4 27. Kg1 Na5 28. Nxa5 Qxa5 29. Bc3 Qc5+ 30. Kh1 Qe3 31. Bf3 h4 32.
Qe1 Qg5 33. Qd2 Qb5 34. Qd8+ Ne8 35. Bxg7 Kxg7 36. Qd4+ e5 37. Qc3 Nd6 38.
b3 f6 39. a4 Qf1+ 40. Kh2 Qf2 41. a5 Qg3+ 42. Kg1 Nxe4 43. Qc7+ Kh6 44. Qc1+
Ng5 45. a6 e4 46. Bxe4 Kg7 47. Bc6 Nxh3+ 48. Kh1 Nf2+ 49. Kg1 h3 50. Kf1 h2
51. Ke2 h1=Q 52. Qxh1 Nxh1 53. a7 Qf2+ {White resigns} 0-1

[Event "ICC tourney 1878 (15 10)"]
[Site "Internet Chess Club"]
[Date "2020.06.14"]
[Round "3"]
[White "JohnnyHop98"]
[Black "Aniketshukla"]
[Result "0-1"]
[ICCResult "White resigns"]
[WhiteElo "1539"]
[BlackElo "1632"]
[Opening "Queen's pawn, Mason variation"]
[ECO "D00"]
[NIC "QP.08"]
[Time "15:14:04"]
[TimeControl "900+10"]

1. d4 d5 2. Bf4 Nf6 3. e3 c5 4. c3 Nc6 5. Nf3 Bf5 6. Nh4 Bg4 7. f3 Bh5 8. g4
Bg6 9. Nxg6 hxg6 10. Bb5 e6 11. Nd2 Bd6 12. Qa4 Qc7 13. dxc5 Bxf4 14. exf4
a6 15. Bxc6+ bxc6 16. O-O-O Nd7 17. Qd4 f6 18. Rde1 Kf7 19. f5 e5 20. fxg6+
Kxg6 21. Qd3+ Kf7 22. Nb3 a5 23. Qe3 a4 24. Nd4 Nxc5 25. Nf5 Ne6 26. h4 a3
27. b3 Nf4 28. g5 c5 29. Qd2 c4 30. gxf6 gxf6 31. b4 Nd3+ 32. Kb1 Qd7 33.
Nh6+ Ke6 34. Re2 d4 35. Ng4 Qd5 36. Nf2 Qxf3 37. Rh3 Qf5 38. Nxd3 cxd3 39.
Rxd3 dxc3 40. Qc2 Rad8 41. Rxd8 Rxd8 42. Qxf5+ Kxf5 43. Rf2+ Ke4 44. Kc2 f5
45. Re2+ Kd4 46. Re1 Kc4 47. Rxe5 Rd2+ 48. Kc1 Rxa2 49. Rxf5 Kb3 {White
resigns} 0-1

[Event "ICC tourney 1878 (15 10)"]
[Site "Internet Chess Club"]
[Date "2020.06.14"]
[Round "3"]
[White "Atharva10"]
[Black "blueeagle405"]
[Result "0-1"]
[ICCResult "White resigns"]
[WhiteElo "1593"]
[BlackElo "1497"]
[Opening "Sicilian: Nimzovich-Rossolimo attack (without ...d6)"]
[ECO "B30"]
[NIC "SI.31"]
[Time "15:14:12"]
[TimeControl "900+10"]

1. e4 c5 2. Nf3 Nc6 3. Bb5 e6 4. d4 cxd4 5. Nxd4 Qb6 6. Bxc6 bxc6 7. O-O Bc5
8. c3 d5 9. exd5 cxd5 10. Nb3 Bd6 11. Be3 Qc7 12. h3 Nf6 13. Nd4 a6 14. Nd2
O-O 15. Qf3 e5 16. N4b3 Be6 17. Bg5 Nd7 18. Qe3 f6 19. Bh4 a5 20. a4 Rab8
21. Kh1 Nc5 22. Nxc5 Bxc5 23. Qd3 Rxb2 24. Rfb1 e4 25. Qa6 Bc8 26. Qe2 Qb6
27. c4 Bf5 28. Qd1 Rb8 29. Rxb2 Qxb2 30. Rb1 Qe5 31. Bg3 Rxb1 32. Nxb1 Qd4
33. Qxd4 Bxd4 34. cxd5 Bd7 35. Nd2 Bxa4 36. Nxe4 Bd7 37. Bd6 Kf7 38. Kg1 Ke8
39. Kf1 Bb5+ 40. Ke1 Bc4 41. Bc7 Bxd5 42. f3 Bxe4 43. fxe4 a4 44. Bd6 Bb2
45. Kd2 Kd7 46. Bf8 g6 47. Kc2 a3 48. Kb3 Ke6 49. Bxa3 Bxa3 50. Kxa3 Ke5 51.
Kb4 Kxe4 52. Kc5 Kf4 53. Kd6 Kg3 54. Ke6 f5 {White resigns} 0-1

[Event "ICC tourney 1878 (15 10)"]
[Site "Internet Chess Club"]
[Date "2020.06.14"]
[Round "3"]
[White "IAlwaysWin"]
[Black "Terry1234"]
[Result "0-1"]
[ICCResult "White forfeits on time"]
[WhiteElo "1789"]
[BlackElo "1429"]
[Opening "R?ti opening"]
[ECO "A05"]
[NIC "QP.11"]
[Time "15:14:01"]
[TimeControl "900+10"]

1. Nf3 Nf6 2. e3 g6 3. d4 Bg7 4. c4 O-O 5. Nc3 d6 6. Be2 c5 7. O-O cxd4 8.
exd4 d5 9. c5 Nc6 10. a3 Ne4 11. Be3 Nxc3 12. bxc3 e5 13. Rb1 e4 14. Nd2 f5
15. g3 g5 16. f4 exf3 17. Bxf3 Rf7 18. Qb3 Be6 19. Bf2 Rd7 20. Qc2 Qf6 21.
Rb2 Re8 22. Rfb1 Ree7 23. Nf1 f4 24. gxf4 gxf4 25. Kh1 Kh8 26. Rb5 Bf5 27.
Qd2 Bxb1 28. Rxb1 Na5 29. Qd1 Nc4 30. a4 Ne3 31. Nxe3 fxe3 32. Bg3 Qf5 33.
Rb2 Rf7 34. Bg2 Rde7 35. Re2 Qg4 36. Qe1 Bh6 37. Be5+ Rxe5 38. dxe5 Re7 39.
Bxd5 Rxe5 40. Rg2 Qc8 41. c4 Rg5 42. Qe2 Rxg2 43. Qxg2 Qe8 44. Bf3 Qxa4 45.
Qe2 Qa1+ 46. Kg2 Qg7+ 47. Bg4 Qd4 48. Bf3 Qxc5 49. Bxb7 Qd4 50. Bd5 a5 51.
Qh5 Qg7+ 52. Kf1 Qa1+ 53. Kg2 Qg7+ 54. Kh3 Qd7+ 55. Kg2 Bg7 56. Qe2 Bd4 57.
Qf3 Qg7+ 58. Kh1 e2 {White forfeits on time} 0-1

[Event "ICC tourney 1878 (15 10)"]
[Site "Internet Chess Club"]
[Date "2020.06.14"]
[Round "3"]
[White "speedskater"]
[Black "Sparta250"]
[Result "1/2-1/2"]
[ICCResult "Game drawn because neither player has mating material"]
[WhiteElo "2117"]
[BlackElo "1825"]
[Opening "QGD semi-Slav"]
[ECO "D43"]
[NIC "QI.01"]
[Time "15:14:01"]
[TimeControl "900+10"]

1. d4 Nf6 2. c4 e6 3. Nf3 d5 4. Nc3 c6 5. Bg5 h6 6. Bxf6 Qxf6 7. a3 dxc4 8.
Ne5 Nd7 9. Nxc4 Nb6 10. Ne5 Nd7 11. Nc4 Nb6 12. e3 Nxc4 13. Bxc4 g6 14. O-O
Bg7 15. Rc1 O-O 16. Qe2 Rd8 17. f4 Qe7 18. Ne4 a5 19. Bd3 a4 20. Rc5 Bd7 21.
Rfc1 b6 22. R5c2 Rab8 23. h3 Be8 24. Kh2 Rd5 25. Bc4 Ra5 26. Qe1 Raa8 27.
Qe2 c5 28. dxc5 bxc5 29. Ba2 Bb5 30. Qf3 Bd3 31. Rxc5 Ra7 32. Rc8+ Rxc8 33.
Rxc8+ Kh7 34. Nc5 Bb5 35. Qe4 Rc7 36. Rxc7 Qxc7 37. Nxa4 Bxa4 38. Qxa4 Bxb2
39. Qb3 Qc3 40. Qxc3 Bxc3 41. Kg3 Kg7 42. Kf3 Ba5 43. a4 g5 44. fxg5 hxg5
45. g3 Be1 46. Bc4 Kf6 47. Kg4 Bd2 48. Kf3 Be1 49. Bb5 Ke5 50. Kg4 f6 51.
Bd3 Bd2 52. e4 Kd4 53. Bb1 Ke5 54. Bc2 Ba5 55. Kh5 Be1 56. Kg4 Kd6 57. h4
gxh4 58. gxh4 f5+ 59. Kg5 fxe4 60. h5 e3 61. Bd3 Bc3 62. Kg6 Kc5 63. h6 Kb4
64. Bb5 e2 65. Bxe2 Kxa4 66. h7 Kb4 67. Bg4 Kc5 68. Bxe6 Kd6 69. h8=Q Bxh8
{Game drawn because neither player has mating material}
1/2-1/2

[Event "ICC tourney 1878 (15 10)"]
[Site "Internet Chess Club"]
[Date "2020.06.14"]
[Round "3"]
[White "Arsalchess"]
[Black "vikram251107"]
[Result "1/2-1/2"]
[ICCResult "White stalemated"]
[WhiteElo "1512"]
[BlackElo "1358"]
[Opening "Caro-Kann: Tartakower (fantasy) variation"]
[ECO "B12"]
[NIC "CK.02"]
[Time "15:13:48"]
[TimeControl "900+10"]

1. e4 c6 2. d4 d5 3. f3 dxe4 4. fxe4 e5 5. Nf3 exd4 6. Bc4 Nd7 7. O-O Ngf6
8. e5 Nd5 9. Ng5 Nxe5 10. Qe1 f6 11. Bf4 Bd6 12. Bxe5 Bxe5 13. Nf7 Kxf7 14.
Qxe5 Re8 15. Qh5+ Kg8 16. Bd3 f5 17. Bxf5 Bxf5 18. Qxf5 Rf8 19. Qe6+ Kh8 20.
Nd2 Rf6 21. Qe4 Ne3 22. Rxf6 Qxf6 23. Nf3 Rd8 24. Re1 Qg6 25. Qxg6 hxg6 26.
Nxd4 Nxg2 27. Re4 Ne3 28. Nxc6 Rd1+ 29. Kf2 Nxc2 30. Nxa7 Rb1 31. b3 Rb2 32.
Re7 b6 33. Re2 Rxa2 34. Nc6 Kh7 35. Kf3 Kh6 36. h3 g5 37. Rd2 Ne1+ 38. Ke2
Rxd2+ 39. Kxd2 Nf3+ 40. Ke3 Ng1 41. b4 Nxh3 42. Kf3 Nf4 43. b5 Ne6 44. Kg4
Nc7 45. Na7 Kg6 46. Nc8 Nd5 47. Nd6 Kf6 48. Ne4+ Ke5 49. Nxg5 Nc7 50. Nf3+
Ke4 51. Nd2+ Kd5 52. Kg5 Nxb5 53. Kg6 Nc3 54. Kxg7 b5 55. Kf6 b4 56. Kf5 Kd4
57. Ke6 Ne4 58. Nb3+ Kc3 59. Na5 Nc5+ 60. Kd5 Nd3 61. Kc6 Kb2 62. Kb5 Ka3
63. Kc4 Ka4 64. Kxd3 Kxa5 65. Kc2 Ka4 66. Kb2 b3 67. Kb1 Ka3 68. Ka1 b2+ 69.
Kb1 Kb3 {White stalemated} 1/2-1/2

[Event "ICC tourney 1878 (15 10)"]
[Site "Internet Chess Club"]
[Date "2020.06.14"]
[Round "4"]
[White "shaaketh"]
[Black "Arsalchess"]
[Result "0-1"]
[ICCResult "White checkmated"]
[WhiteElo "1356"]
[BlackElo "1532"]
[Opening "Queen's pawn, Mason variation"]
[ECO "D00"]
[NIC "QP.08"]
[Time "16:27:44"]
[TimeControl "900+10"]

1. d4 d5 2. Bf4 Nf6 3. e3 c5 4. Nf3 Nc6 5. Nbd2 Qb6 6. dxc5 Qxb2 7. Rb1 Qxa2
8. Bb5 e6 9. Nb3 Qa3 10. Qd2 Bxc5 11. Nfd4 Bxd4 12. Nxd4 Bd7 13. O-O O-O 14.
Rb3 Qe7 15. Bxc6 Bxc6 16. Nxc6 bxc6 17. Qc3 Rfc8 18. Rfb1 Ne4 19. Qa5 Qc5
20. Qa6 Nd2 21. Rb8 Raxb8 22. Bxb8 Rf8 23. Bxa7 Qxc2 24. Re1 Ne4 25. Qe2
Qxe2 26. Rxe2 Ra8 27. Bd4 c5 28. Bb2 Ra2 29. Rc2 c4 30. f3 Nd6 31. Rd2 Nb5
32. Bc3 Nxc3 33. Rd4 Ne2+ 34. Kf1 Nxd4 35. exd4 c3 36. Ke1 Rxg2 37. Kd1 c2+
38. Kc1 Rxh2 39. f4 f5 40. Kb2 g5 41. fxg5 f4 42. Kc1 f3 43. Kb2 Re2 44. g6
c1=Q+ 45. Kb3 Qc4+ 46. Ka3 Ra2# {White checkmated} 0-1

[Event "ICC tourney 1878 (15 10)"]
[Site "Internet Chess Club"]
[Date "2020.06.14"]
[Round "4"]
[White "kptl132"]
[Black "playtowin2020"]
[Result "1-0"]
[ICCResult "Black resigns"]
[WhiteElo "1362"]
[BlackElo "1216"]
[Opening "Sicilian: Hungarian variation"]
[ECO "B27"]
[NIC "SI.43"]
[Time "16:27:30"]
[TimeControl "900+10"]

1. e4 c5 2. Nf3 g6 3. d4 cxd4 4. Qxd4 Nf6 5. c4 Nc6 6. Qd3 d6 7. Nc3 Bg7 8.
Be2 O-O 9. O-O Bg4 10. h3 Bxf3 11. Bxf3 Rc8 12. Nd5 Ne5 13. Qe2 Nxc4 14. Bg5
Nxb2 15. Bxf6 exf6 16. Qxb2 f5 17. Qxb7 Rb8 18. Qxa7 Bxa1 19. Rxa1 fxe4 20.
Bxe4 Re8 21. Qd4 Re6 22. a4 Qh4 23. g3 Qd8 24. Kg2 Re5 25. a5 Kf8 26. a6 Ra8
27. a7 f5 28. Bf3 {Black resigns} 1-0

[Event "ICC tourney 1878 (15 10)"]
[Site "Internet Chess Club"]
[Date "2020.06.14"]
[Round "4"]
[White "YKQ"]
[Black "firefly64"]
[Result "1-0"]
[ICCResult "Black resigns"]
[WhiteElo "1636"]
[BlackElo "1828"]
[Opening "French: King's Indian attack"]
[ECO "C00"]
[NIC "FR.02"]
[Time "16:27:42"]
[TimeControl "900+10"]

1. e4 e6 2. d3 d5 3. Nd2 Nf6 4. Ngf3 Nc6 5. c3 a5 6. a4 dxe4 7. dxe4 e5 8.
Bb5 Bd6 9. O-O O-O 10. Re1 Ne7 11. Nf1 Ng6 12. Ng3 c5 13. Qc2 Qc7 14. Bg5
Nd7 15. Nf5 h6 16. Rad1 hxg5 17. Nxd6 g4 18. Ng5 Nf6 19. Bc4 Nh8 20. Qb3 Qe7
21. Ndxf7 Nxf7 22. Nxf7 Rxf7 23. Bxf7+ Kh7 24. Bd5 Rb8 25. Qb6 Bd7 26. Qxa5
Qf8 27. b3 Ra8 28. Qc7 {Black resigns} 1-0

[Event "ICC tourney 1878 (15 10)"]
[Site "Internet Chess Club"]
[Date "2020.06.14"]
[Round "4"]
[White "nicochasin"]
[Black "playerlucky"]
[Result "1-0"]
[ICCResult "Black resigns"]
[WhiteElo "1581"]
[BlackElo "1440"]
[Opening "King's Indian: Kazakh variation"]
[ECO "E91"]
[NIC "KI.19"]
[Time "16:27:51"]
[TimeControl "900+10"]

1. d4 Nf6 2. c4 g6 3. Nc3 Bg7 4. e4 d6 5. Nf3 O-O 6. Be2 Na6 7. O-O e5 8.
Be3 Qe7 9. d5 Nc5 10. Nd2 a5 11. b3 Ne8 12. a3 f5 13. f3 Nf6 14. b4 axb4 15.
axb4 Rxa1 16. Qxa1 Na6 17. Qa3 fxe4 18. Ndxe4 c6 19. c5 cxd5 20. Nxf6+ Qxf6
21. Nxd5 Qf7 22. Nb6 dxc5 23. b5 Nc7 24. Bxc5 Rd8 25. Rc1 Nd5 26. Nxd5 Rxd5
27. Bc4 Be6 28. Bxd5 Bxd5 29. Qa8+ Bf8 30. Bxf8 Qxf8 31. Rc8 {Black resigns}
1-0

[Event "ICC tourney 1878 (15 10)"]
[Site "Internet Chess Club"]
[Date "2020.06.14"]
[Round "4"]
[White "CoolKoiFish"]
[Black "mopaska1106"]
[Result "0-1"]
[ICCResult "White resigns"]
[WhiteElo "1439"]
[BlackElo "1522"]
[Opening "QGD: classical variation (5.Bf4)"]
[ECO "D31"]
[NIC "QO.04"]
[Time "16:27:26"]
[TimeControl "900+10"]

1. d4 d5 2. c4 e6 3. Nc3 Be7 4. Bf4 Nf6 5. Nf3 O-O 6. e3 b6 7. Bd3 dxc4 8.
Bxc4 Bb7 9. O-O c5 10. Ne5 Nc6 11. Bb5 Nxe5 12. Bxe5 a6 13. Bd3 b5 14. Bxf6
Bxf6 15. Qh5 g6 16. Qxc5 Be7 17. Qe5 Bd6 18. Be4 Bxe5 19. Bxb7 Ra7 20. Bf3
Bb8 21. Rfd1 h5 22. d5 exd5 23. Nxd5 Qg5 24. Rac1 h4 25. Nb4 Qe5 26. g3 hxg3
27. hxg3 Qg5 28. Nc6 Bxg3 29. fxg3 Qxg3+ 30. Bg2 Qxe3+ 31. Kh1 Kg7
{White resigns}
0-1

[Event "ICC tourney 1878 (15 10)"]
[Site "Internet Chess Club"]
[Date "2020.06.14"]
[Round "4"]
[White "Gabuzyan"]
[Black "jy2020"]
[Result "1-0"]
[ICCResult "Black resigns"]
[WhiteElo "1651"]
[BlackElo "1559"]
[Opening "Sicilian: closed"]
[ECO "B23"]
[NIC "SI.44"]
[Time "16:27:27"]
[TimeControl "900+10"]

1. e4 c5 2. Nc3 d6 3. d4 cxd4 4. Qxd4 Nc6 5. Qd2 g6 6. b3 Bh6 7. f4 e5 8.
Nb5 Bxf4 9. Qxd6 Qxd6 10. Nxd6+ Kf8 11. Ba3 Nge7 12. Bc4 f6 13. Ne2 Be3 14.
Rf1 Kg7 15. Rf3 Bb6 16. h3 Rf8 17. O-O-O Rb8 18. g4 Bd7 19. Rfd3 Be8 20.
Nxe8+ Rfxe8 21. Rd7 Be3+ 22. Kb1 b5 23. R1d6 Nd4 24. Nxd4 Bxd4 25. Bxb5 Rxb5
26. Re6 Bc5 27. Bxc5 Rxc5 28. Rexe7+ Rxe7 29. Rxe7+ Kh6 30. Rxa7 Rc3 31. a4
Rxh3 32. a5 Rc3 33. a6 Rc6 34. Kb2 Kg5 35. b4 Kxg4 36. b5 Rb6 37. c4 h5 38.
Rb7 Rd6 39. a7 {Black resigns} 1-0

[Event "ICC tourney 1878 (15 10)"]
[Site "Internet Chess Club"]
[Date "2020.06.14"]
[Round "4"]
[White "GutsyEdge"]
[Black "Tacticsguy52"]
[Result "0-1"]
[ICCResult "White resigns"]
[WhiteElo "1320"]
[BlackElo "1358"]
[Opening "Catalan: closed, 7.Qc2"]
[ECO "E08"]
[NIC "CA.04"]
[Time "16:33:52"]
[TimeControl "900+10"]

1. d4 d5 2. c4 e6 3. Nf3 Nf6 4. g3 Be7 5. Bg2 O-O 6. O-O Nbd7 7. Qc2 c5 8.
cxd5 exd5 9. Nc3 cxd4 10. Nxd4 Nb6 11. Rd1 Be6 12. Nxe6 fxe6 13. Bh3 Qd6 14.
e4 Qc6 15. Qd2 Rad8 16. e5 Nfd7 17. f4 Bc5+ 18. Kf1 d4 19. Ne2 Qh1+ 20. Ng1
Nxe5 21. Bxe6+ Kh8 22. Qg2 Qxg2+ 23. Kxg2 Nec4 24. Nf3 Rfe8 25. f5 Nd5 26.
Ng5 Nde3+ 27. Bxe3 Nxe3+ 28. Kh3 Re7 29. Rdc1 Bb6 30. Nf7+ Rxf7 31. Bxf7
Nxf5 32. Be6 Ne3 33. Rc8 Rxc8 34. Bxc8 g5 35. a4 d3 36. Bxb7 g4+ 37. Kh4 d2
38. a5 Bd8+ 39. Kh5 d1=Q 40. Rxd1 Nxd1 41. b4 Nc3 42. Kxg4 Be7 43. Kf5 Bxb4
44. a6 Bc5 45. g4 Nb5 46. h4 Kg7 47. g5 Nd4+ 48. Ke4 h6 49. gxh6+ Kxh6 50.
Kd5 Bb6 51. Kd6 Kh5 52. Kd7 Kxh4 53. Kc8 Kg5 54. Kb8 Kf6 55. Ka8 Ke7 56. Kb8
Kd6 57. Ka8 Kc5 58. Bg2 Nc6 59. Bf3 Nb4 60. Bb7 Kc4 61. Bc6 Nxa6 62. Kb7
Nc5+ 63. Kc8 a5 64. Kb8 Ne6 65. Kb7 Nd8+ 66. Kxb6 Nxc6 67. Kxc6 a4
{White resigns}
0-1

[Event "ICC tourney 1878 (15 10)"]
[Site "Internet Chess Club"]
[Date "2020.06.14"]
[Round "4"]
[White "Goran21"]
[Black "NK3"]
[Result "1-0"]
[ICCResult "Black resigns"]
[WhiteElo "1632"]
[BlackElo "1904"]
[Opening "Sicilian"]
[ECO "B50"]
[NIC "SI.01"]
[Time "16:28:53"]
[TimeControl "900+10"]

1. e4 c5 2. Nf3 d6 3. c3 Nf6 4. h3 g6 5. Bd3 b6 6. O-O Bg7 7. Re1 O-O 8. Bc2
Bb7 9. d4 Nc6 10. a3 Nd7 11. Be3 e5 12. Bg5 f6 13. Bh4 Kh8 14. dxe5 Ndxe5
15. Nxe5 dxe5 16. Nd2 Qc7 17. Nf1 Rad8 18. Qe2 Ne7 19. Ne3 Bh6 20. Ng4 Rd2
21. Qf3 Rxc2 22. Nxh6 g5 23. Bxg5 f5 24. Qd3 Rxf2 25. Qg3 fxe4 26. Be3 R2f6
27. Rf1 Rxf1+ 28. Rxf1 Rxf1+ 29. Kxf1 Ng6 30. Qg5 Qe7 31. Qf5 Kg7 32. Ng4
Qf7 33. Bh6+ Kg8 34. Nf6+ Kh8 35. Ke1 Bc8 36. Qxc8+ {Black resigns} 1-0

[Event "ICC tourney 1878 (15 10)"]
[Site "Internet Chess Club"]
[Date "2020.06.14"]
[Round "4"]
[White "davika21"]
[Black "hilariouspanda"]
[Result "1/2-1/2"]
[ICCResult "Game drawn by repetition"]
[WhiteElo "1486"]
[BlackElo "1428"]
[Opening "Sicilian: Alapin's variation (2.c3)"]
[ECO "B22"]
[NIC "SI.46"]
[Time "16:28:04"]
[TimeControl "900+10"]

1. e4 c5 2. c3 d5 3. exd5 Qxd5 4. d4 Nc6 5. Nf3 Bg4 6. Be2 e6 7. O-O Nge7 8.
h3 Bh5 9. Na3 cxd4 10. Nxd4 Bxe2 11. Nxe2 Qxd1 12. Rxd1 Nd5 13. Nc2 Be7 14.
Nf4 O-O-O 15. Nxd5 exd5 16. Bf4 Bf6 17. Ne3 d4 18. cxd4 Bxd4 19. Nc4 Bc5 20.
Be3 Bxe3 21. Nxe3 Nb4 22. Rac1+ Kb8 23. a3 Nd3 24. Rc2 Ne5 25. Rcd2 Rxd2 26.
Rxd2 Rc8 27. f4 Nc4 28. Nxc4 Rxc4 29. g3 Kc7 30. Kf2 a5 31. Ke3 b6 32. b3
Rc3+ 33. Rd3 Rc1 34. g4 b5 35. Kd4 Rf1 36. Ke4 Ra1 37. b4 axb4 38. axb4 Rb1
39. Rd4 Rh1 40. Rd3 Rb1 41. Rd4 Rh1 42. Rd3 Rb1 43. Rd4
{Game drawn by repetition}
1/2-1/2

[Event "ICC tourney 1878 (15 10)"]
[Site "Internet Chess Club"]
[Date "2020.06.14"]
[Round "4"]
[White "Suraj240704"]
[Black "BigPapa"]
[Result "1-0"]
[ICCResult "Black resigns"]
[WhiteElo "1532"]
[BlackElo "1384"]
[Opening "Queen's gambit accepted"]
[ECO "D20"]
[NIC "QG.03"]
[Time "16:27:33"]
[TimeControl "900+10"]

1. d4 d5 2. c4 dxc4 3. e3 e5 4. Bxc4 exd4 5. exd4 Bd6 6. Nf3 Nf6 7. O-O O-O
8. Nc3 Nc6 9. h3 h6 10. a3 a6 11. Be3 b5 12. Ba2 Bb7 13. Rc1 Ne7 14. Bb1
Ned5 15. Nxd5 Bxd5 16. Re1 Re8 17. Nd2 c6 18. Nb3 Ne4 19. Nc5 Nxc5 20. dxc5
Bf8 21. Qg4 Qf6 22. Bd4 Qg5 23. Be3 Qxg4 24. hxg4 g6 25. Bd4 Bg7 26. Bxg7
Kxg7 27. f3 Kf6 28. Kf2 Re7 29. Rxe7 Kxe7 30. Re1+ Kf6 31. g3 Rd8 32. Rd1
Re8 33. Bd3 Rh8 34. f4 g5 35. Be2 Re8 36. Bf3 Bxf3 37. Kxf3 a5 38. Rd6+ Re6
39. f5 Rxd6 40. cxd6 c5 41. Ke3 a4 42. Kd3 b4 43. Kc4 {Black resigns} 1-0

[Event "ICC tourney 1878 (15 10)"]
[Site "Internet Chess Club"]
[Date "2020.06.14"]
[Round "4"]
[White "InfernoKing"]
[Black "woodychess"]
[Result "1-0"]
[ICCResult "Black checkmated"]
[WhiteElo "1514"]
[BlackElo "1425"]
[Opening "Sicilian: Najdorf, Adams attack"]
[ECO "B90"]
[NIC "SI.14"]
[Time "16:29:54"]
[TimeControl "900+10"]

1. e4 c5 2. Nf3 d6 3. d4 cxd4 4. Nxd4 Nf6 5. Nc3 a6 6. h3 e5 7. Nde2 h5 8.
g3 Be6 9. a4 Be7 10. Bg2 Nbd7 11. O-O Rc8 12. Be3 Qc7 13. b3 O-O 14. f4 Nb8
15. f5 Bd7 16. Bf3 g6 17. g4 hxg4 18. hxg4 Bc6 19. g5 Nh7 20. f6 Bd8 21. Nd5
Bxd5 22. Qxd5 Nd7 23. c4 Re8 24. Bg4 Rb8 25. Rad1 Nc5 26. Nc3 Nxb3 27. Rf2
Nd4 28. Ne2 Qc5 29. Nxd4 Qxd5 30. exd5 exd4 31. Bf4 Bc7 32. Kg2 Rbd8 33. Kf3
Bb6 34. Rh2 Re5 35. Rdh1 Rxg5 36. Rxh7 Rh5 37. Rg7+ Kf8 38. Bxh5 gxh5 39.
Rxh5 Ke8 40. Rh8+ Kd7 41. Rxf7+ Kc8 42. Rxd8+ Bxd8 43. Bxd6 d3 44. Ke3 d2
45. Kxd2 b5 46. Be7 Ba5+ 47. Kd3 bxa4 48. Ba3 Bc7 49. Rxc7+ Kxc7 50. f7 a5
51. f8=Q Kd7 52. Bd6 a3 53. Qe7+ Kc8 54. Qc7# {Black checkmated} 1-0

[Event "ICC tourney 1878 (15 10)"]
[Site "Internet Chess Club"]
[Date "2020.06.14"]
[Round "4"]
[White "MasterZachary"]
[Black "cloak1"]
[Result "1-0"]
[ICCResult "Black resigns"]
[WhiteElo "2138"]
[BlackElo "1566"]
[Opening "Two knights defense (Modern bishop's opening)"]
[ECO "C55"]
[NIC "IG.01"]
[Time "16:27:31"]
[TimeControl "900+10"]

1. e4 e5 2. Nf3 Nc6 3. Bc4 Nf6 4. d3 h6 5. Nbd2 d6 6. a4 g5 7. h3 Bg7 8. Nf1
d5 9. exd5 Nxd5 10. Ne3 Nf4 11. O-O O-O 12. Bd2 Nd4 13. Nxd4 exd4 14. Ng4
Qd6 15. Qf3 Bd7 16. Bxf4 gxf4 17. Qxb7 Bc6 18. Qa6 f3 19. Bb5 fxg2 20. Rfe1
Bf3 21. Qxd6 cxd6 22. Bd7 h5 23. Nh2 Bd5 24. Bf5 Be5 25. Be4 Bxe4 26. Rxe4
Rab8 27. b3 Rfc8 28. Ra2 Rc3 29. Nf3 Rbc8 30. Re2 f6 31. Kxg2 Kf7 32. a5 Kg6
33. Ra4 Rxc2 34. Rxc2 Rxc2 35. Nxd4 Rc3 36. Nb5 Rxb3 37. Nxa7 Rxd3 38. a6
Bd4 39. Nc6 Bc5 40. a7 Bxa7 41. Rxa7 Rc3 42. Ne7+ Kg5 43. Ra5+ Rc5 44. Ra6
Re5 45. f4+ Kxf4 46. Ng6+ Kf5 47. Nxe5 dxe5 48. Kf3 Kg5 49. Ke4 Kh4 50. Ra3
Kg5 51. Rf3 Kg6 52. Rg3+ Kh6 53. Kf5 h4 54. Rg6+ Kh5 55. Rxf6 e4 56. Kxe4
Kg5 57. Rf5+ {Black resigns} 1-0